 Dungeon Crawl Stone Soup version 0.21-a0-221-gfe971b9 (webtiles) character file.

1841 Fuzzwah the Cleaver (level 8, -8/73 HPs)
             Began as a Minotaur Berserker on Aug 26, 2017.
             Was an Elder of Trog.
             Mangled by an ice beast (11 damage)
             ... on level 6 of the Dungeon.
             The game lasted 00:17:27 (4227 turns).

Fuzzwah the Cleaver (Minotaur Berserker)            Turns: 4227, Time: 00:17:27

Health: -8/73      AC:  7    Str: 22    XL:     8   Next: 87%
Magic:  7/7        EV: 13    Int:  4    God:    Trog [****..]
Gold:   286        SH:  0    Dex: 12    Spells: 7/7 levels left

rFire    . . .     SeeInvis +   o - +1 short sword (elec)
rCold    . . .     Gourm    .   (no shield)
rNeg     . . .     Faith    .   l - +0 scale mail {MR+}
rPois    .         Spirit   .   (helmet restricted)
rElec    .         Reflect  .   (no cloak)
rCorr    +         Harm     .   (no gloves)
MR       +....                  (no boots)
Stlth    ..........             (no amulet)
HPRegen  0.22/turn              z - ring of resist corrosion
MPRegen  0.10/turn              E - ring of see invisible {sInv, !d}

@: berserk cooldown, slowed, very slow
A: retaliatory headbutt, horns 2
a: Berserk, Trog's Hand, Brothers in Arms, Burn Spellbooks, Renounce Religion


You were on level 6 of the Dungeon.
You worshipped Trog.
Trog was greatly pleased with you.
You were near starving.

You visited 1 branch of the dungeon, and saw 6 of its levels.

You collected 286 gold pieces.

Inventory:

Hand Weapons
 a - a +0 hand axe
 d - a -1 hand axe
   (You found it on level 1 of the Dungeon)
 o - a +1 short sword of electrocution (weapon)
   (You took it off Robin on level 2 of the Dungeon)
 C - a +0 flail of venom
   (You took it off an orc on level 5 of the Dungeon)
Armour
 b - a +0 animal skin
 l - a +0 scale mail of magic resistance (worn)
   (You took it off Terence on level 2 of the Dungeon)
 q - a +0 chain mail
   (You found it on level 3 of the Dungeon)
Jewellery
 z - a ring of resist corrosion (left hand)
   (You found it on level 4 of the Dungeon)
 E - a ring of see invisible (right hand) {sInv, !d}
   (You took it off an orc on level 5 of the Dungeon)
Wands
 r - a wand of lightning (5/15)
   (You found it on level 3 of the Dungeon)
 t - a wand of polymorph (11/24)
   (You took it off Ijyb on level 3 of the Dungeon)
 A - a wand of polymorph (3/24)
   (You took it off Duvessa on level 5 of the Dungeon)
 D - a wand of flame (30/48)
   (You took it off a hobgoblin on level 5 of the Dungeon)
 G - a wand of confusion (16/48)
   (You found it on level 6 of the Dungeon)
Scrolls
 f - 2 scrolls of blinking {!r}
 g - 2 scrolls of teleportation
 k - a scroll of enchant weapon
 m - a scroll of recharging
 w - a scroll of remove curse
 x - a scroll of noise {!r}
Potions
 e - a potion of agility
 h - 3 potions of curing {unknown}
 j - 3 potions of heal wounds
 n - 3 potions of degeneration {unknown}
 p - a potion of lignification {!q}
 u - 2 potions of resistance {unknown}
 B - 2 potions of cancellation {unknown}
 F - a potion of brilliance {unknown}
 H - 2 potions of berserk rage {!q}
 I - a potion of magic
Books
 y - Sif Muna's Volume of Shape Shifting and Calling
   (You found it on level 4 of the Dungeon)

   Spells                             Type                      Level
   a - Beastly Appendage              Transmutation                1
   b - Summon Lightning Spire         Summoning/Air                4
   c - Irradiate                      Conjuration/Transmutation    5
   d - Summon Mana Viper              Hexes/Summoning              5
   e - Alistair's Intoxication        Transmutation/Poison         5
   Trog disapproves of the use of such an item.
Comestibles
 i - 3 royal jellies
 s - 2 bread rations {@e1}
 v - a meat ration {@e2}


   Skills:
 + Level 7.1 Fighting
 * Level 9.6 Axes
 + Level 6.6 Armour
 + Level 5.7 Dodging


You had 7 spell levels left.
You didn't know any spells.

Dungeon Overview and Level Annotations

Branches:
Dungeon (6/15)
 Temple: D:4-7

Altars:
Cheibriados
Elyvilon
Gozag
Vehumet
The Shining One


Innate Abilities, Weirdness & Mutations

You reflexively headbutt those who attack you in melee.
You have a pair of horns on your head.


Message History

You puncture the orc warrior! You headbutt the orc warrior.
The orc warrior hits you with a scimitar!
You take 15 damage, and have 82/109 hp.
You barely miss the orc warrior.
A hound skeleton comes into view.
You closely miss the orc warrior. The orc warrior misses you.
You closely miss the orc warrior. Your headbutt misses the orc warrior.
The shadow imp grinds its teeth.
An ice beast comes into view.
You puncture the orc warrior!
Lightning courses through the orc warrior!
You kill the orc warrior!
Trog accepts your kill.
The orc wizard casts a spell.
The orc wizard blinks!
You miss the leopard gecko.
The leopard gecko bites you but does no damage.
You barely miss the leopard gecko. Your headbutt misses the leopard gecko.
The leopard gecko bites you but does no damage.
You closely miss the leopard gecko. Your headbutt misses the leopard gecko.
The leopard gecko bites you.
You take 4 damage, and have 79/109 hp.
You puncture the leopard gecko!
You kill the leopard gecko!
Trog accepts your kill.
You puncture the adder!
You kill the adder!
Trog accepts your kill.
The orc wizard mumbles some strange words.
The orc wizard blinks!
You barely miss the orc wizard.
The orc wizard casts a spell.
The orc wizard blinks!
You miss the orc wizard. The orc hits you but does no damage.
The orc wizard hits you but does no damage.
You closely miss the orc wizard. You headbutt the orc wizard!
You kill the orc wizard!
Trog accepts your kill.
Trog appreciates your killing of a magic user.
You hit the orc. The orc hits you with a falchion.
You take 1 damage, and have 79/109 hp.
You closely miss the orc. Your headbutt misses the orc. The orc misses you.
You barely miss the orc. You headbutt the orc. You hit the orc.
Your headbutt misses the orc. The orc hits you but does no damage.
The shadow imp grins evilly.
You closely miss the orc. Your headbutt misses the orc.
The orc barely misses you.
You hit the orc. Lightning courses through the orc!
You kill the orc!
Trog accepts your kill.
You are no longer berserk.
You are exhausted.
You feel yourself slow down.
You now have 54/73 hp.
You hit the ice beast. The ice beast misses you.
You barely miss the ice beast. You headbutt the ice beast!
The ice beast misses you.
The ice beast hits you but does no damage.
You hit the ice beast but do no damage.
You headbutt the ice beast, but do no damage.
The ice beast hits you. The ice beast freezes you!
The ice beast closely misses you.
You take 16 damage, and have 39/73 hp.
MASSIVE DAMAGE!!
You hit the ice beast. Your headbutt misses the ice beast.
The ice beast misses you.
You barely miss the ice beast. Your headbutt misses the ice beast.
The ice beast closely misses you. The ice beast barely misses you.
You hit the ice beast but do no damage. The ice beast hits you.
The ice beast freezes you! The ice beast barely misses you.
You take 16 damage, and have 24/73 hp.
MASSIVE DAMAGE!!
Really read
c - a scroll of immolation {!r}? [Y]es or [N]o only, please.
Really read
c - a scroll of immolation {!r}?
As you read the scroll of immolation {!r}, it crumbles to dust.
The creatures around you are filled with an inner flame!
The ice beast hits you but does no damage.
The ice beast misses you.
A centaur comes into view.
The centaur shouts!
The centaur wields a shortbow.
The centaur shoots an arrow.
The arrow barely misses you. The ice beast hits you. The ice beast freezes you!
* * * LOW HITPOINT WARNING * * *
You see here 2 arrows.
You take 7 damage, and have 18/73 hp.
The centaur shoots an arrow.
The arrow hits you.
* * * LOW HITPOINT WARNING * * *
The centaur shoots an arrow.
The arrow hits you.
* * * LOW HITPOINT WARNING * * *
There is a stone staircase leading down here.
You see here 7 arrows.
You take 8 damage, and have 10/73 hp.
The centaur shoots an arrow.
The arrow hits you.
* * * LOW HITPOINT WARNING * * *
The ice beast hits you.
* * * LOW HITPOINT WARNING * * *
The ice beast freezes you!
You die...

#......#.##### #.#
#.#..<.#.# #..
##.######.#....#.###.#
...............#.#.#.#
........#.##...#...#.#
##.####.#..+.......#..
#.####.####...###.#..
#..#.###)##...####...#
#.#..
.....5o.OcY@......##.#
#.#..
#...(.##Z##..........#
#.#.. .....
#.##..####.#### #.#..
##.. #.##..# # .....
... #.##.c# #.### .#
#.##..# <.# ..##..#
### .###..# #.. ...#.#


You could see an ice beast (inner flame), an ogre (inner flame), 2 centaurs, a
shadow imp (inner flame), an orc (inner flame) and a hound skeleton (inner
flame).

Vanquished Creatures
  Sigmund (D:3)
  Eustachio (D:4)
  Duvessa (D:5)
  An orc warrior (D:6)
  The ghost of Meesh the Skirmisher, an amateur DrFi (D:3)
  2 ogres (D:4)
  2 centaurs
  Blork the orc (D:4)
  Dowan (D:5)
  2 scorpions (D:5)
  A centaur skeleton (D:4)
  2 orc priests (D:5)
  5 hounds
  4 orc wizards
  Ijyb (D:3)
  A worker ant (D:4)
  Terence (D:2)
  Robin (D:2)
  A worker ant zombie (D:5)
  5 gnolls
  12 adders
  An ooze (D:3)
  An adder zombie (D:5)
  2 worms
  4 dart slugs
  4 leopard geckos
  12 orcs
  3 giant cockroaches
  13 goblins
  10 hobgoblins
  2 jackals (D:4)
  4 kobolds
  3 quokkas
  A ball python (D:2)
  4 bats
  7 frilled lizards
  9 rats
127 creatures vanquished.

Notes
Turn   | Place    | Note
-------+----------+-------------------------------------------
     0 | D:1      | Fuzzwah the Minotaur Berserker began the quest for the Orb.
     0 | D:1      | Reached XP level 1. HP: 19/19 MP: 0/0
   420 | D:1      | Reached XP level 2. HP: 23/27 MP: 1/1
   461 | D:1      | Reached skill level 4 in Axes
   680 | D:1      | Reached XP level 3. HP: 22/33 MP: 2/2
   886 | D:2      | Noticed Terence
   971 | D:2      | Reached ** piety under Trog
  1053 | D:2      | Reached skill level 3 in Armour
  1071 | D:2      | Reached skill level 4 in Fighting
  1083 | D:2      | Killed Terence
  1083 | D:2      | Reached XP level 4. HP: 34/40 MP: 3/3
  1085 | D:2      | Reached skill level 3 in Dodging
  1087 | D:2      | Reached skill level 5 in Axes
  1285 | D:2      | Found a white marble altar of Elyvilon.
  1482 | D:2      | Reached XP level 5. HP: 45/47 MP: 4/4
  1501 | D:2      | Found a glowing golden altar of the Shining One.
  1813 | D:2      | Noticed Robin
  1823 | D:2      | Killed Robin
  1988 | D:3      | Noticed Sigmund
  1992 | D:3      | Killed Sigmund
  1992 | D:3      | Reached skill level 6 in Axes
  1992 | D:3      | Reached skill level 4 in Armour
  1992 | D:3      | Reached XP level 6. HP: 55/55 MP: 5/5
  2068 | D:3      | Noticed Meesh's ghost (amateur DrFi)
  2074 | D:3      | Killed Meesh's ghost
  2074 | D:3      | Reached skill level 5 in Fighting
  2192 | D:3      | Noticed Ijyb
  2197 | D:3      | Killed Ijyb
  2301 | D:3      | Reached skill level 4 in Dodging
  2426 | D:3      | Reached *** piety under Trog
  2715 | D:4      | Reached XP level 7. HP: 61/61 MP: 6/6
  2767 | D:4      | Found a snail-covered altar of Cheibriados.
  2786 | D:4      | Noticed Eustachio
  2798 | D:4      | Killed Eustachio
  2798 | D:4      | Reached skill level 7 in Axes
  2799 | D:4      | Reached skill level 5 in Armour
  3005 | D:4      | Reached skill level 6 in Fighting
  3011 | D:4      | Identified Sif Muna's Volume of Shape Shifting and Calling
  3248 | D:4      | Noticed Blork the orc
  3252 | D:4      | Reached skill level 8 in Axes
  3252 | D:4      | Reached XP level 8. HP: 69/70 MP: 7/7
  3260 | D:4      | Killed Blork the orc
  3260 | D:4      | Reached skill level 5 in Dodging
  3485 | D:5      | Entered Level 5 of the Dungeon
  3485 | D:5      | Found an opulent altar of Gozag.
  3565 | D:5      | Noticed Duvessa
  3566 | D:5      | Noticed Dowan
  3577 | D:5      | Killed Duvessa
  3587 | D:5      | Killed Dowan
  3587 | D:5      | Reached skill level 6 in Armour
  3615 | D:5      | Reached **** piety under Trog
  3626 | D:5      | Found a radiant altar of Vehumet.
  3662 | D:5      | Reached skill level 9 in Axes
  3903 | D:5      | Reached skill level 7 in Fighting
  4225 | D:6      | HP: 18/73 [ice beast (7)]
  4227 | D:6      | HP: 6/73 [centaur/arrow (4)]
  4227 | D:6      | Mangled by an ice beast

Vault maps used:
D:1:      dpeg_arrival_circle_labyrinth_c, minmay_misc_feat_more_columns
D:2:      old_standard_altar, tso_oasis_becter, uniq_robin, uniq_terence
D:3:      glass_columns_b, uniq_sigmund, uniq_ijyb
D:4:      lemuel_doored_altar, minivault_19, uniq_blork_the_orc, uniq_eustachio
D:5:      kennysheep_spiral_hall, vehumet_altar_wand_db, basic_altar,
          first_bread, uniq_duvessa
D:6:      temple_fountains, nicolae_ossuary_entry_plus

Skill      XL: |  1  2  3  4  5  6  7  8 |
---------------+-------------------------+-----
Axes           | 4 5 6 8 9 |  9.6
Armour         | 3 4 5 6 |  6.6
Fighting       | 4 5 6 7 |  7.1
Dodging        | 3 4 5 |  5.7

Action                   |  1- 3 |  4- 6 |  7- 9 || total
-------------------------+-------+-------+-------++-------
Melee: Hand axe          |    60 |    50 |       ||   110
       Headbutt          |     8 |    13 |    26 ||    47
       Short sword       |       |    68 |   153 ||   221
Throw: Tomahawk          |       |       |     3 ||     3
Invok: Berserk           |     1 |     3 |     4 ||     8
  Use: Scroll            |     2 |     7 |     6 ||    15
  Eat: Chunk             |       |     6 |     6 ||    12
       Bread ration      |       |     1 |       ||     1
Armor: Animal skin       |     8 |       |       ||     8
       Scale mail        |       |    45 |    59 ||   104
       Skin              |       |       |     4 ||     4
Dodge: Dodged            |    44 |    56 |   123 ||   223

Table legend:
 A = Spawn XP
 B = Non-spawn XP
 C = Spawn XP percentage of total XP
 D = Spawn monster count
 E = Non-spawn monster count
 F = Spawn count percentage of total count
 G = Total turns spent on level
                    A         B        C        D         E        F      G
               +---------+---------+-------+---------+---------+-------+---------
         Total |     127 |    2504 |   4.8 |      14 |     113 |  11.0 |  4227
               +---------+---------+-------+---------+---------+-------+---------
           D:1 |       7 |      37 |  15.9 |       4 |      20 |  16.7 |   923
           D:2 |      15 |     179 |   7.7 |       2 |      28 |   6.7 |  1065
           D:3 |       1 |     467 |   0.2 |       1 |      21 |   4.5 |   646
           D:4 |      82 |     813 |   9.2 |       3 |      15 |  16.7 |   851
           D:5 |      22 |     820 |   2.6 |       4 |      24 |  14.3 |   595
           D:6 |       0 |     188 |   0.0 |       0 |       5 |   0.0 |   147
               +---------+---------+-------+---------+---------+-------+---------

Vault maps used:
D:1:      dpeg_arrival_circle_labyrinth_c, minmay_misc_feat_more_columns
D:2:      old_standard_altar, tso_oasis_becter, uniq_robin, uniq_terence
D:3:      glass_columns_b, uniq_sigmund, uniq_ijyb
D:4:      lemuel_doored_altar, minivault_19, uniq_blork_the_orc, uniq_eustachio
D:5:      kennysheep_spiral_hall, vehumet_altar_wand_db, basic_altar,
          first_bread, uniq_duvessa
D:6:      temple_fountains, nicolae_ossuary_entry_plus

Table legend:
 A = Turns spent in this place as a percentage of turns spent in the entire game.
 B = Non-inter-level travel turns spent in this place as a percentage of non-inter-level travel turns spent in the entire game.
 C = Inter-level travel turns spent in this place as a percentage of turns spent in this place.
 D = Turns resting spent in this place as a percentage of non-inter-level travel turns spent in this place.
 E = Turns spent auto-exploring this place as a percentage of non-inter-level travel turns spent in this place.
 F = Non-inter-level travel turns spent in this place divided by the number of levels of this place that you've seen.
                   A       B       C       D       E      F
               +-------+-------+-------+-------+-------+----------------------
         Total | 100.0 | 100.0 |   6.3 |   8.6 |  70.4 | 660.3
       Dungeon | 100.0 | 100.0 |   6.3 |   8.6 |  70.4 | 660.3
               +-------+-------+-------+-------+-------+----------------------

Table legend:
 A = Kills in this place as a percentage of kills in entire the game.
 B = Kills by you in this place as a percentage of kills by you in the entire game.
 C = Kills by friends in this place as a percentage of kills by friends in the entire game.
 D = Other kills in this place as a percentage of other kills in the entire game.
 E = Experience gained in this place as a percentage of experience gained in the entire game.
 F = Experience gained in this place divided by the number of levels of this place that you have seen.
                   A       B       C       D       E      F
               +-------+-------+-------+-------+-------+----------------------
         Total | 100.0 | 100.0 |   N/A |   N/A | 100.0 | 438.5
       Dungeon | 100.0 | 100.0 |   N/A |   N/A | 100.0 | 438.5
               +-------+-------+-------+-------+-------+----------------------
